 Dungeon Crawl Stone Soup version 0.30.1-9-gdf580d7c3d (webtiles) character file.

Game seed: 11492665769051085026

3441 monsoonserge the Spear-Bearer (level 10, -9/86 HPs)
             Began as a Meteoran Monk on Oct 18, 2023.
             Was a Plaything of Xom.
             Killed by the air
             ... invoked by Gastronok
              (19 damage)
             ... on level 8 of the Dungeon.
             The game lasted 00:23:20 (3434 turns).

monsoonserge the Spear-Bearer (Meteoran Monk)       Turns: 3434, Time: 00:23:21

Health: -9/86      AC: 13    Str: 14 (15) XL:     10   Next: 50%
Magic:  11/11      EV: 18    Int: 11 (12) God:    Xom [.....*]
Gold:   454        SH:  0    Dex: 17 (19) Spells: 9/9 levels left

rFire   . . .        I - +5 flail (freeze)
rCold   + . .        v - +0 buckler
rNeg    . . .        H - +3 ring mail of Folleibb {Stlth+}
rPois   .            p - +0 helmet
rElec   .            r - +0 cloak
rCorr   .            s - +0 pair of gloves
SInv    .            (no boots)
Will    +....        (no amulet)
Stlth   +            j - +5 ring of evasion
HPRegen 0.34/turn    w - ring of protection from cold
MPRegen 0.12/turn

%: no passive effects
@: confused, ambrosia-drunk, glowing
A: sense surroundings 2, otherworldly, glowing, explore regen
a: Renounce Religion


You were on level 8 of the Dungeon.
You worshipped Xom.
You were Xom's teddy bear.
You visited 2 branches of the dungeon, and saw 9 of its levels.
You also visited: Sewer.

You collected 454 gold pieces.

Inventory:

Hand Weapons
 o - a +0 dagger of electrocution
 q - a +2 quarterstaff of chaos
 A - a +1 vampiric scythe
 I - a +5 flail of freezing (weapon)
Missiles
 f - a boomerang
 y - 26 poisoned darts (quivered)
 J - a curare-tipped dart
Armour
 h - a +0 chain mail
 p - a +0 helmet (worn)
 r - a +0 cloak (worn)
 s - a +0 pair of gloves (worn)
 v - a +0 buckler (worn)
 H - the +3 ring mail of Folleibb (worn) {Stlth+}
   (You took it off a kobold on level 7 of the Dungeon)

   Stlth:     It makes you more stealthy.
Magical Staves
 E - a staff of poison
Jewellery
 a - a +6 ring of intelligence
 j - a +5 ring of evasion (left hand)
 w - a ring of protection from cold (right hand)
 B - a ring of protection from fire
Wands
 l - a wand of charming (22)
Scrolls
 b - a scroll of butterflies
 d - 2 scrolls of enchant armour {unknown}
 e - 4 scrolls of teleportation {unknown}
 g - 2 scrolls of fear
 x - 3 scrolls of magic mapping
 z - a scroll of immolation {unknown}
 D - a scroll of enchant weapon {unknown}
Potions
 c - 2 potions of ambrosia
 i - a potion of attraction {unknown}
 k - a potion of mutation {unknown}
 m - 6 potions of curing
 n - a potion of berserk rage {unknown}
 t - a potion of might {unknown}
 u - 3 potions of flight
 C - a potion of degeneration
 F - a potion of resistance {unknown}
 G - a potion of brilliance {unknown}


   Skills:
 + Level 7.4 Fighting
 - Level 4.9 Long Blades
 + Level 2.3(4.0) Maces & Flails
 + Level 10.5(10.9) Polearms
 - Level 4.5(8.3) Staves
 + Level 0.6 Throwing
 + Level 6.9 Armour
 + Level 5.4 Dodging
 + Level 0.3 Stealth
 + Level 0.4 Shields
 - Level 2.0 Evocations


You had 9 spell levels left.
You didn't know any spells.
Your spell library contained the following spells:

 Spells                   Type           Power      Damage    Failure   Level
 Gell's Gravitas          Tloc           0%         N/A       95%         3
 Hailstorm                Conj/Ice       0%         3d3       95%         3
 Teleport Other           Tloc           0%         N/A       95%         3
 Ice Form                 Ice/Tmut       0%         N/A       100%        4
 Alistair's Intoxication  Tmut/Pois      0%         N/A       100%        5
 Borgnjor's Vile Clutch   Necr/Erth      0%         N/A       100%        5
 Dispersal                Tloc           0%         N/A       100%        6
 Eringya's Noxious Bog    Tmut/Pois      0%         N/A       100%        6
 Simulacrum               Ice/Necr       0%         N/A       100%        6


Dungeon Overview and Level Annotations

Branches:
Dungeon (8/15) Zot: 1345   Temple (1/1) D:5 Zot: 589   Sewer (visited)
   Lair: D:8-11

Altars:
Ashenzari
Cheibriados
Dithmenos
Elyvilon
Gozag
Kikubaaqudgha
Nemelex Xobeh
Qazlal
Trog
Vehumet
Xom
Zin
The Shining One

Annotations:
D:8 Gastronok


Innate Abilities, Weirdness & Mutations

You passively map the area around you.
You are easily found by Zot.
You glow in the dark.
You regain HP and MP as you explore.


Message History

You completely miss Gastronok.
Gastronok is heavily wounded.
The quokka misses you. The river rat misses you.
You sock Gastronok! You freeze Gastronok.
Gastronok is heavily wounded.
The quokka closely misses you. The river rat bites you.
Gastronok's eyestalks quiver as he mumbles some strange words.
You block the quokka's attack. The river rat bites you.
You hit Gastronok but do no damage.
Gastronok is heavily wounded.
The quokka bites you but does no damage.
The quokka completely misses you. You block the river rat's attack.
Gastronok bites you!!
* * * LOW HITPOINT WARNING * * *
Xom roars with laughter!
It was a potion of curing.
You feel better. The quokka completely misses you.
You block the quokka's attack. The river rat completely misses you.
The quokka barely misses you.
You sock Gastronok! You freeze Gastronok.
Gastronok is heavily wounded.
You block the quokka's attack. The river rat closely misses you.
You block the quokka's attack. The quokka bites you.
* * * LOW HITPOINT WARNING * * *
Gastronok bites you.
* * * LOW HITPOINT WARNING * * *
It was a potion of degeneration.
There was something very wrong with that liquid.
You feel weakened.
You feel dopey.
You feel clumsy. The quokka barely misses you. The river rat bites you.
* * * LOW HITPOINT WARNING * * *
The quokka closely misses you.
You are confused.
You feel invigorated. The quokka bites you.
* * * LOW HITPOINT WARNING * * *
The quokka bites you but does no damage.
The river rat completely misses you.
Gastronok waves his eye-stalks in wide circles.
The air twists around and strikes you!!
You die...
Xom thinks this is hilarious!

* ,, , , , , ,
*, *
,..........#.#.
, * ,
............/.
, ,,
............. *
* ,
*##........#. ,
* * ,*
#..........# *
* * *
#.......b..# *
#......rwr.#
#......r@..#
#..........#
##...))<..##
##..)...##
########


You could see Gastronok, a river rat (summoned), 2 quokkas and a bat (summoned).

Vanquished Creatures
  Pikel (D:6)
  Joseph (D:7)
  Grinder (D:6)
  Sigmund (D:4)
  2 steam dragons (D:7)
  A sky beast (D:7)
  3 ice beasts
  A black bear (D:6)
  An ogre (D:6)
  A centaur (D:7)
  A phantom (D:6)
  A bullfrog (D:7)
  2 kobold brigands (D:7)
  2 scorpions (D:5)
  5 wights
  4 hounds
  2 jellies (D:6)
  An orc priest (D:3)
  Crazy Yiuf (D:2)
  2 iguanas
  Jessica (D:3)
  2 orc wizards
  2 sleepcaps (D:5)
  A hell rat (Sewer)
  Robin (D:2)
  6 adders
  4 gnolls (D:4)
  2 river rats (Sewer)
  2 shadow imps
  2 white imps
  2 dart slugs
  2 worms
  19 orcs
  9 ball pythons
  5 endoplasms
  4 giant cockroaches
  16 goblins
  8 hobgoblins
  12 jackals
  A quokka (D:1)
  7 bats (D:1)
  3 frilled lizards
  17 kobolds
  14 rats
176 creatures vanquished.

Vanquished Creatures (collateral kills)
  A lemure (D:6)
  A scorpion (D:6)
2 creatures vanquished.

Grand Total: 178 creatures vanquished

Notes
Turn   | Place    | Note
-------+----------+-------------------------------------------
     0 | D:1      | monsoonserge the Meteoran Monk began the quest for the Orb.
     0 | D:1      | Reached XP level 1. HP: 19/19 MP: 2/2
    83 | D:1      | Reached XP level 2. HP: 24/26 MP: 3/3
   250 | D:1      | Reached XP level 3. HP: 31/31 MP: 4/4
   492 | D:1      | Glimpsed the power of Zot.
   559 | D:2      | Reached XP level 4. HP: 40/40 MP: 5/5
   688 | D:2      | Noticed Robin
   725 | D:2      | Killed Robin
   780 | D:2      | Found a runed translucent door.
   781 | D:2      | Noticed Crazy Yiuf
   785 | D:2      | Killed Crazy Yiuf
   786 | D:2      | Reached skill level 1 in Armour
   786 | D:2      | Reached XP level 5. HP: 46/46 MP: 6/6
   953 | D:3      | Reached skill level 1 in Staves
   960 | D:3      | Noticed Jessica
   967 | D:3      | Killed Jessica
   968 | D:3      | Reached XP level 6. HP: 39/53 MP: 7/7
  1101 | D:3      | Found a faded altar of an unknown god.
  1110 | D:3      | Prayed at the altar of an unknown god.
  1110 | D:3      | Became a worshipper of Xom the Capricious
  1140 | D:3      | XOM: silly message
  1359 | D:4      | XOM: noise
  1419 | D:4      | Noticed Sigmund
  1420 | D:4      | XOM: silly message
  1427 | D:4      | XOM: divination: magic mapping
  1441 | D:4      | XOM: smoke on damage
  1460 | D:4      | Killed Sigmund
  1461 | D:4      | Reached XP level 7. HP: 16/60 MP: 8/8
  1682 | D:5      | Entered Level 5 of the Dungeon
  1683 | D:5      | Found a shadowy altar of Dithmenos.
  1757 | D:5      | XOM: 3-stop teleportation journey
  1845 | D:5      | Reached skill level 5 in Fighting
  1851 | D:5      | XOM: potion effect (curing)
  1871 | D:5      | Reached skill level 1 in Polearms
  1923 | D:5      | Reached skill level 2 in Polearms
  1923 | D:5      | Reached XP level 8. HP: 68/68 MP: 9/9
  1960 | D:5      | XOM: silly message
  2024 | D:5      | Reached skill level 3 in Polearms
  2043 | D:5      | Found a staircase to the Ecumenical Temple.
  2054 | Temple   | Entered the Ecumenical Temple
  2325 | D:6      | Reached skill level 4 in Polearms
  2406 | D:6      | Reached skill level 5 in Polearms
  2414 | D:6      | XOM: divination: detect items
  2449 | D:6      | Noticed Grinder
  2464 | D:6      | Killed Grinder
  2465 | D:6      | Reached skill level 6 in Polearms
  2465 | D:6      | Reached skill level 5 in Armour
  2465 | D:6      | Gained mutation: You passively map the area around you.
                  | [Meteoran growth]
  2465 | D:6      | Reached XP level 9. HP: 49/75 MP: 10/10
  2764 | D:7      | Reached skill level 1 in Evocations
  2785 | D:6      | Noticed Pikel
  2792 | D:6      | XOM: cast spell 'Summon Ice Beast'
  2802 | D:6      | Reached skill level 7 in Polearms
  2805 | D:6      | XOM: potion effect (heal wounds)
  2810 | D:6      | Killed Pikel
  2811 | D:6      | Reached skill level 8 in Polearms
  2811 | D:6      | Reached skill level 5 in Dodging
  2829 | D:6      | Found a glowing drain.
  2847 | Sewer    | Entered a sewer
  2931 | Sewer    | XOM: silly message
  3037 | D:7      | Identified the +3 ring mail of Folleibb {Stlth+}
  3067 | D:7      | XOM: noise
  3070 | D:7      | Reached XP level 10. HP: 48/84 MP: 11/11
  3090 | D:7      | XOM: noise
  3095 | D:7      | Noticed Joseph
  3102 | D:7      | XOM: confuse monster(s)
  3106 | D:7      | Killed Joseph
  3107 | D:7      | Reached skill level 9 in Polearms
  3109 | D:7      | XOM: cast spell 'Cause Fear'
  3119 | D:7      | XOM: divination: detect items
  3175 | D:6      | Reached skill level 10 in Polearms
  3214 | D:7      | XOM: scenery: summon butterflies
  3216 | D:7      | XOM: divination: detect items
  3224 | D:7      | XOM: summons friendly crimson imp
  3240 | D:7      | Reached skill level 1 in Maces & Flails
  3407 | D:8      | Noticed Gastronok
  3409 | D:8      | XOM: enchant monster (good)
  3434 | D:8      | Killed from afar by Gastronok

Illustrated notes

Levels and vault maps discovered:
D:1:      sevenhm_arrival_forest_fort_small_5, layout_loops_ring
D:2:      layout_rooms, uniq_crazy_yiuf_cottage, uniq_robin
D:3:      layout_rooms, shapermc_ecumenical_altar_starsandcircs,
          dreamdust_wishing_well, small_statue_intersection, uniq_terence,
          uniq_jessica
D:4:      layout_basic, serial_curves, eino_curves_04, eino_curves_03,
          uniq_sigmund
D:5:      layout_basic, amcnicky_altar_gilded, lemuel_temple_firewalk_a
D:6:      layout_cave_pods, portal_sewer_entry_d, uniq_grinder, uniq_pikel
D:7:      layout_loops_cross, chequers_temple_overflow_minitemple, uniq_joseph
D:8:      layout_rooms, nicolae_ossuary_entry_monument,
          nicolae_shop_unique_rings, uniq_erica, uniq_gastronok
Temple:   nicolae_temple_no_exploring_needed

Skill      XL: |  1  2  3  4  5  6  7  8  9 10 |
---------------+-------------------------------+-----
Long Blades    | 4 |  4.9
Dodging        | 4 5 |  5.4
Fighting       | 4 5 6 7 |  7.4
Armour         | 1 2 3 5 6 |  6.9
Staves         | 1 4 |  4.5
Polearms       | 2 6 8 10 | 10.5
Evocations     | 2 |  2.0
Maces & Flails | 2 |  2.3
Throwing       | |  0.6
Stealth        | |  0.3
Shields        | |  0.4

Action                     |  1- 3 |  4- 6 |  7- 9 | 10-12 || total
---------------------------+-------+-------+-------+-------++-------
  Melee: Falchion          |    74 |    54 |       |       ||   128
         Dagger            |       |     2 |       |       ||     2
         Quarterstaff      |       |   109 |       |       ||   109
         Halberd           |       |       |   254 |    69 ||   323
         Flail             |       |       |       |    64 ||    64
  Throw: Dart              |       |     1 |       |       ||     1
    Use: Scroll            |       |       |     7 |       ||     7
         Potion            |       |       |       |     3 ||     3
   Stab: Distracted        |       |       |       |     1 ||     1
         Paralysed         |       |       |       |     1 ||     1
 Armour: Robe              |     5 |       |       |       ||     5
         Chain mail        |    40 |    82 |   166 |    19 ||   307
         Ring mail         |       |       |       |    46 ||    46
  Dodge: Dodged            |    40 |    93 |   157 |   137 ||   427
  Block: Buckler           |       |       |       |    23 ||    23
